 Dungeon Crawl Stone Soup version 0.25.0-17-g773c8c6189 (webtiles) character file.

Game seed: 1323216333018321272

331653 MordorOrchid the Acrobat (level 21, -8/107 HPs)
             Began as a Spriggan Earth Elementalist on June 27, 2020.
             Was a High Priest of Elyvilon.
             Mangled by a brown very ugly thing (23 damage)
             ... on level 2 of the Depths on June 30, 2020.
             The game lasted 07:53:13 (43325 turns).

MordorOrchid the Acrobat (SpEE)                    Turns: 43325, Time: 07:53:14

Health: -8/107     AC:  7    Str:  4    XL:     21   Next: 19%
Magic:  37/58      EV: 36    Int: 26    God:    Elyvilon [*****.]
Gold:   2239       SH: 11    Dex: 17    Spells: 5/48 levels left

rFire    + . .     SeeInvis +   y - +8 short sword (flame)
rCold    . . .     Gourm    .   r - +3 warlock's mirror {reflect}
rNeg     . . .     Faith    .   S - +2 robe {rF+}
rPois    .         Spirit   .   (helmet restricted)
rElec    .         Reflect  +   G - +2 cloak
rCorr    .         Harm     .   (gloves unavailable)
MR       ++++.                  (boots unavailable)
Stlth    ++++++++..             s - amulet of magic regeneration
HPRegen  0.27/turn              b - ring of magical power
MPRegen  0.36/turn              Q - ring of Diry {MR+ MP+9 Slay+4}

@: very slightly contaminated, very quick
A: very small, unfitting armour, see invisible, herbivore, speed 3, slow
metabolism 2
}: 1/15 runes: serpentine
a: Lesser Healing, Heal Other, Purification, Greater Healing, Divine Vigour,
Divine Protection, Renounce Religion


You were on level 2 of the Depths.
You worshipped Elyvilon.
Elyvilon was extremely pleased with you.
You were near starving.

You visited 9 branches of the dungeon, and saw 40 of its levels.
You visited 1 bazaar.
You also visited: Trove, Ossuary, Bailey, Gauntlet and Volcano.

You collected 8321 gold pieces.
You spent 6082 gold pieces at shops.

Inventory:

Hand Weapons
 y - a +8 short sword of flaming (weapon)
 Z - the +8 dagger "Zaecwi" {vorpal, *Slow +Blink MR+++ Int-5}
   (You bought it in a shop on level 1 of the Depths)

   It inflicts extra damage upon your enemies.
   It affects your intelligence (-5).
   It affects your resistance to hostile enchantments.
   It lets you blink.
   It may slow you when you take damage.
Missiles
 a - 7 atropa-tipped darts
 D - 16 boomerangs (quivered)
 E - 449 stones
 J - 5 boomerangs of dispersal
Armour
 r - the +3 warlock's mirror (worn) {reflect}
   (You bought it in a shop on level 2 of the Vaults)
 G - a +2 cloak (worn)
 S - a +2 robe of fire resistance (worn)
Jewellery
 b - a ring of magical power (left hand)
 g - the ring "Zetryefu" {rElec Int+4 Stlth+}
   (You took it off a deep elf master archer on level 3 of the Elven Halls)

   [ring of stealth]

   It affects your intelligence (+4).
   It insulates you from electricity.
   It makes you more stealthy.
 s - an amulet of magic regeneration (around neck)
 v - the amulet "Suhar" {Acrobat rElec Dex+3}
   (You found it in a treasure trove)

   [amulet of the acrobat]

   It helps you evade while moving and waiting.
   It affects your dexterity (+3).
   It insulates you from electricity.
 K - the amulet of the Four Winds {rN+ MR+++ Clar}
   (You took it off a deep elf annihilator on level 3 of the Elven Halls)

   [amulet of nothing]

   It protects you from negative energy.
   It affects your resistance to hostile enchantments.
   It protects you against confusion.
 Q - the ring of Diry (right hand) {MR+ MP+9 Slay+4}
   (You found it in a treasure trove)

   [ring of slaying]

   It affects your accuracy and damage with ranged weapons and melee attacks
   (+4).
   It affects your resistance to hostile enchantments.
   It affects your magic capacity (+9).
 T - the amulet of Vitality {Regen+ HP+15}
   (You found it on level 4 of the Snake Pit)

   [amulet of regeneration]

   It affects your health (+15).
   It increases your rate of regeneration.
 X - an uncursed ring of ice
 Y - the ring "Melej" {+Blink rPois rC+++ MR- Slay+4}
   (You found it in a treasure trove)

   [ring of slaying]

   It affects your accuracy and damage with ranged weapons and melee attacks
   (+4).
   It renders you almost immune to cold.
   It protects you from poison.
   It affects your resistance to hostile enchantments.
   It lets you blink.
Wands
 k - a wand of digging (3)
 l - a wand of iceblast (23)
 N - a wand of polymorph (23)
 O - a wand of acid (33)
 V - a wand of enslavement (13)
 W - a wand of flame (23)
Scrolls
 e - 6 scrolls of immolation
 o - 5 scrolls of blinking
 p - 2 scrolls of fear
 t - a scroll of summoning
 u - 19 scrolls of teleportation
 x - 5 scrolls of identify
 z - 9 scrolls of fog
 C - 15 scrolls of remove curse
 M - 2 scrolls of vulnerability
Potions
 c - 2 potions of resistance
 f - 5 potions of stabbing
 h - 3 potions of haste
 i - 15 potions of curing
 j - 8 potions of ambrosia
 n - 2 potions of mutation
 q - 6 potions of berserk rage
 A - a potion of brilliance
 F - 4 potions of might
 H - 6 potions of magic
 I - 4 potions of heal wounds
 L - a potion of cancellation
 U - a potion of flight
Miscellaneous
 m - a lightning rod (4/4)
 B - 4 phantom mirrors
 P - a tin of tremorstones (3/3)
 R - 4 boxes of beasts
Comestibles
 d - 20 rations


   Skills:
 - Level 10.0 Fighting
 - Level 10.2 Short Blades
 - Level 5.0 Throwing
 * Level 22.6 Dodging
 - Level 21.0 Stealth
 - Level 8.0 Shields
 - Level 14.0 Spellcasting
 - Level 6.0 Conjurations
 - Level 10.0 Hexes
 - Level 12.0 Translocations
 - Level 8.0 Transmutations
 - Level 6.0 Air Magic
 - Level 12.0 Earth Magic
 - Level 12.0 Invocations
 - Level 8.0 Evocations


You had 5 spell levels left.
You knew the following spells:

 Your Spells              Type           Power        Failure   Level  Hunger
a - Sandblast             Erth           ######       1%          1    None
b - Airstrike             Air            #####.....   2%          4    None
d - Tukima's Dance        Hex            ######..     1%          3    None
f - Stone Arrow           Conj/Erth      ######       1%          3    None
g - Mephitic Cloud        Conj/Pois/Air  #####...     1%          3    None
v - Lee's Rapid Deconstr  Erth           ######....   1%          5    ##.....
w - Passwall              Tmut/Erth      ######..     1%          2    None
x - Blink                 Tloc           N/A          1%          2    None
z - Apportation           Tloc           ######       1%          1    None
A - Confusing Touch       Hex            ######..     1%          3    None
D - Petrify               Tmut/Erth      ######..     1%          4    None
I - Invisibility          Hex            ######..     8%          6    ####...
Z - Dispersal             Tloc           ######....   3%          6    ####...

Your spell library contained the following spells:

 Spells                   Type           Power        Failure   Level  Hunger
 Beastly Appendage        Tmut           ######       1%          1    None
 Corona                   Hex            ######.      1%          1    None
 Foxfire                  Conj/Fire      ####         1%          1    None
 Magic Dart               Conj           ####         1%          1    None
 Shock                    Conj/Air       ####         1%          1    None
 Ensorcelled Hibernation  Hex/Ice        #####.       1%          2    None
 Poisonous Vapours        Pois/Air       ####..       1%          2    None
 Shroud of Golubria       Chrm/Tloc      #####.       1%          2    None
 Slow                     Hex            ######..     1%          2    None
 Sticks to Snakes         Tmut           ######..     1%          2    None
 Swiftness                Chrm/Air       ####....     1%          2    None
 Dazzling Flash           Conj/Hex       ######       1%          3    None
 Gell's Gravitas          Tloc           ######....   1%          3    None
 Lesser Beckoning         Tloc           ######....   1%          3    None
 Portal Projectile        Hex/Tloc       ######       1%          3    None
 Spectral Weapon          Hex/Chrm       #####...     1%          3    None
 Spider Form              Tmut/Pois      #####.....   1%          3    None
 Static Discharge         Conj/Air       #####...     1%          3    None
 Cause Fear               Hex            ######....   1%          4    None
 Conjure Flame            Conj/Fire      ####....     2%          3    None
 Infusion                 Chrm           ###.         3%          1    None
 Summon Butterflies       Summ           ###.....     3%          1    None
 Blade Hands              Tmut           ######....   3%          5    ##.....
 Silence                  Hex/Air        ######....   3%          5    ##.....
 Call Imp                 Summ           ###.....     4%          2    None
 Song of Slaying          Chrm           ###.....     4%          2    None
 Ice Form                 Ice/Tmut       #####...     6%          4    None
 Lightning Bolt           Conj/Air       #####.....   7%          5    ##.....
 Ozocubu's Armour         Chrm/Ice       ###.....     9%          3    None
 Summon Lightning Spire   Summ/Air       ####....     9%          4    None
 Alistair's Intoxication  Tmut/Pois      #####...     16%         5    ##.....
 Conjure Ball Lightning   Conj/Air       #####.....   36%         6    ####...
 Freezing Cloud           Conj/Ice/Air   #####.....   65%         6    ####...
 Dragon Form              Tmut           ######....   67%         7    ######.
 Controlled Blink         Tloc           N/A          82%         8    #######
 Disjunction              Tloc           ######....   82%         8    #######
 Ring of Flames           Chrm/Fire      ###.......   100%        7    ######.
 Dragon's Call            Summ           ###.......   100%        9    #######
 Tornado                  Air            #####.....   100%        9    #######


Dungeon Overview and Level Annotations

Branches:
Dungeon (15/15)            Temple (1/1) D:5            Lair (6/6) D:11
 Shoals (1/4) Lair:2        Snake (4/4) Lair:3        Slime (0/5) Lair:6
    Orc (2/2) D:12            Elf (3/3) Orc:2        Vaults (4/5) D:14
  Crypt (0/3) Vaults:3     Depths (4/5) D:15        Ossuary (visited)
 Bailey (visited)         Volcano (visited)         Gauntlet (visited)

Altars:
Ashenzari
Cheibriados
Dithmenos
Elyvilon
Fedhas
Gozag
Hepliaklqana
Kikubaaqudgha
Makhleb
Nemelex Xobeh
Okawaru
Qazlal
Ru
Sif Muna
Trog
Uskayaw
Vehumet
Wu Jian
Xom
Yredelemnul
Zin
The Shining One
Beogh
Jiyva
Lugonu

Shops:
D:4 *   D:8 }[}*%   D:9 (   D:10 *   D:15 %   Orc:2 [([}   Elf:3 :   Snake:2 (
Snake:4 *   Vaults:1 [   Vaults:2 [   Vaults:3 (   Depths:1 ((*

Portals:
Hell: Depths:2 Depths:3
Abyss: Depths:1
Ziggurat: Depths:2

Annotations:
D:3 1 runed translucent door, Peloso's ghost, amateur MiFi
Snake:2 3 runed translucent doors, Fidin's ghost, journeyman TrBe; Xunapor's ghost, journeyman DsGl; littlecub's ghost, journeyman DsGl
Orc:2 1 runed translucent door, thethe's ghost, journeyman OgWz
Elf:2 6 runed translucent doors, Qasusorch's ghost, veteran DDBe
Vaults:2 Boris


Innate Abilities, Weirdness & Mutations

You are very small and have problems with some larger weapons.
You are too small for most types of armour.
You have supernaturally acute eyesight. (SInv)
You are a herbivore.
You cover ground extremely quickly.
You need to consume almost no food.


Message History

The spark wasp turns neutral.
You are near starving!
The great orb of eyes completely misses you.
The stone giant completely misses you.
The ettin hits you with a +0 dire flail!
The ettin completely misses you.
You see here a scroll of vulnerability.
You open the door.
A brown very ugly thing comes into view.
The great orb of eyes bites you but does no damage.
The brown very ugly thing gurgles horribly!
The stone giant throws a large rock.
You reflect the large rock off your +3 warlock's mirror {reflect}!
The large rock hits the stone giant.
There is an open door here.
The stone giant throws a large rock.
The large rock hits you!!!
* * * LOW HITPOINT WARNING * * *
You see here a large rock.
The brown very ugly thing kicks you!!
You die...

**,,,******#+#.#.######....#
*,,,* #...........#..##
**,,,**###############.#.###
,,,,,,,...............<....#
*******#####################
*,,,,,,,,,,* **,,,,,,,,,*
######
,**,,,,,,,##########C.y.#
,,**,,,,,,+.....@(.G?...#
≈,,+,,,,,,+......u.#.C!.#
≈,,**,,,,,##########....#
≈≈,,**,,,** ###+##
,≈≈,,**,,* *,,* ,,≈≈,,**,*
*,,* ,,,≈≈,,*** *,,*
,,,,≈≈,,* *,,* ,,,,,≈,,***
*,,*


You could see a brown very ugly thing, a stone giant, a great orb of eyes, an
ettin and a neutral spark wasp (wandering).

Vanquished Creatures
  Vashnia (Snake:3)
  Bai Suzhen (Vaults:2)
  A tentacled monstrosity (Vaults:4)
  Asterion (Vaults:2)
  A quicksilver dragon (Depths:1)
  2 deep elf master archers (Elf:3)
  A tengu reaver (Depths:2)
  Donald (Orc:2)
  Aizul (Lair:3)
  2 fire giants
  4 vault wardens
  2 orc warlords (Orc:1)
  5 frost giants
  6 nagarajas
  8 deep elf sorcerers
  7 deep elf elementalists
  9 ironheart preservers
  7 stone giants
  A very ugly thing (Depths:2)
  Nessos (D:14)
  An entropy weaver (Vaults:3)
  4 deep elf demonologists
  13 deep elf annihilators
  A minotaur (Gauntlet)
  5 deep elf death magi (Elf:3)
  6 dire elephants (Lair:6)
  A spark wasp (Depths:2)
  6 ettins
  8 yaktaur captains
  3 fire dragons
  Snorg (Orc:2)
  8 vault guards
  7 great orbs of eyes
  4 ice dragons
  3 deep elf high priests
  Erolcha (Orc:1)
  3 rakshasas
  6 naga warriors
  9 hydras
  56 two-headed ogres
  2 catoblepae
  2 death knights
  3 anacondas
  Erica (D:10)
  16 dancing weapons
  4 deep troll earth magi
  16 ogre magi
  9 centaur warriors
  A deep troll shaman (Vaults:4)
  2 tengu warriors
  18 deep elf knights
  16 naga sharpshooters
  5 shock serpents (Snake:3)
  4 skeletal warriors (Vaults:2)
  A salamander mystic (Snake:3)
  4 hell knights (Vaults:4)
  3 flayed ghosts
  9 deep trolls
  2 shadow wraiths
  3 unseen horrors
  2 glowing orange brains (Depths:2)
  4 wizards
  An obsidian statue (Volcano)
  2 phantasmal warriors
  2 naga ritualists
  5 ironbrand convokers
  2 necromancers (Vaults:4)
  12 harpies
  A wolf spider zombie (D:15)
  19 deep elf archers
  14 orc knights
  A stone giant zombie (Depths:1)
  81 deep elf magi
  33 ugly things
  A wolf spider (Vaults:1)
  7 salamanders
  9 cyclopes
  3 mana vipers
  4 manticores
  3 orc sorcerers
  A wolf spider (shapeshifter) (Depths:1)
  A cyclops (shapeshifter) (Elf:1)
  A merfolk siren (Lair:2)
  9 vault sentinels
  A fire giant skeleton (Depths:1)
  A moth of wrath (shapeshifter) (Vaults:1)
  14 naga magi
  10 black mambas
  A spriggan skeleton (Depths:1)
  9 elephants
  2 guardian serpents (Snake:3)
  A smoke demon (Volcano)
  3 spiny frogs
  A water nymph (shapeshifter) (Elf:2)
  7 centaur skeletons
  A gargoyle (D:13)
  A spiny frog (shapeshifter) (Depths:1)
  A torpor snail (Gauntlet)
  2 komodo dragons
  A storm dragon simulacrum (Vaults:2)
  A yaktaur zombie (Depths:1)
  A komodo dragon (shapeshifter) (D:14)
  8 kobold demonologists
  5 rime drakes
  2 rime drakes (shapeshifter)
  A redback zombie (D:14)
  17 yaktaurs
  2 ice devils (D:11)
  6 freezing wraiths
  10 trolls
  A red devil (Depths:1)
  A queen bee (shapeshifter) (Vaults:4)
  3 meliai (D:13)
  A queen bee (D:13)
  A tyrant leech (shapeshifter) (Vaults:1)
  3 hornets
  9 hippogriffs
  7 blink frogs
  13 slime creatures
  2 human simulacra
  3 shadows (D:15)
  5 wraiths
  2 air elementals (Elf:2)
  3 redbacks (Vaults:3)
  A vampire (D:11)
  A spriggan (D:7)
  3 water elementals
  2 basilisks
  4 fire bats
  3 wyverns
  5 humans (D:14)
  A yak (shapeshifter) (Vaults:1)
  16 yaks
  A hog (shapeshifter) (Vaults:4)
  6 vampire mosquitoes
  3 fire elementals
  3 hungry ghosts
  46 nagas
  Menkaure (D:7)
  7 wargs
  3 soldier ants
  2 porcupines
  Duvessa (D:7)
  A soldier ant (shapeshifter) (Vaults:3)
  6 water moccasins
  2 black bears
  58 orc warriors
  4 sky beasts
  An eye of draining (D:14)
  2 ice beasts
  47 ogres
  2 necrophages
  2 wolves (Lair:1)
  4 phantoms
  13 boggarts
  46 centaurs
  9 crocodiles
  6 big kobolds
  28 bullfrogs
  A wyvern zombie (D:14)
  An earth elemental (Elf:2)
  Dowan (D:7)
  7 scorpions
  A wyvern skeleton (D:14)
  A water moccasin skeleton (D:8)
  40 killer bees
  14 wights
  2 electric eels
  12 crimson imps
  4 lava snakes (Volcano)
  2 bullfrog zombies
  4 centaur zombies
  3 jellies
  A quasit (D:6)
  5 bullfrog skeletons
  13 orc priests
  Crazy Yiuf (D:2)
  10 hounds
  6 human zombies (D:15)
  21 orc wizards
  5 iguanas
  Jessica (D:2)
  Ijyb (D:5)
  18 worker ants
  A hound zombie (D:7)
  2 hound skeletons
  2 howler monkey zombies
  5 mummies
  A worker ant zombie (D:5)
  15 adders
  9 gnolls
  A shadow imp (D:5)
  A white imp (Depths:2)
  An ooze (D:1)
  2 adder zombies
  An adder skeleton (D:4)
  2 worms
  4 dart slugs
  7 leopard geckos
  96 orcs
  A bat (D:3)
  4 giant cockroaches
  3 goblins
  7 hobgoblins
  10 jackals
  9 quokkas
  4 ball pythons
  2 frilled lizards
  A goblin zombie (Ossuary)
  A hobgoblin zombie (Ossuary)
  24 kobolds
  4 kobold zombies (Ossuary)
  2 leopard gecko skeletons
  A quokka skeleton (D:9)
  A quokka zombie (D:7)
  7 rats
  2 plants
1458 creatures vanquished.

Vanquished Creatures (collateral kills)
  Margery (Vaults:4)
  2 nagas
  An orc warrior (Orc:2)
  3 killer bees
7 creatures vanquished.

Vanquished Creatures (others)
  A frost giant (Depths:1)
  An ironheart preserver (Vaults:2)
  2 vault guards (D:14)
  A deep troll earth mage (Depths:1)
  A deep troll (Vaults:4)
  A tengu zombie (Depths:1)
  An ironbrand convoker (Vaults:2)
  A necromancer (Depths:1)
  A hippogriff (Lair:4)
  5 nagas
  A yak (Lair:6)
  A human (D:14)
  3 dancing weapons
  2 orc warriors (Orc:2)
  A centaur (Orc:2)
  An orc (Orc:2)
  A fungus (Lair:2)
  4 plants
  9 withered plants (Gauntlet)
38 creatures vanquished.

Grand Total: 1503 creatures vanquished

Notes
Turn   | Place    | Note
-------+----------+-------------------------------------------
     0 | D:1      | MordorOrchid the Spriggan Earth Elementalist began the
                  | quest for the Orb.
     0 | D:1      | Reached XP level 1. HP: 9/9 MP: 5/5
   164 | D:1      | Reached XP level 2. HP: 13/13 MP: 0/7
   170 | D:1      | Learned a level 2 spell: Passwall
   728 | D:2      | Reached XP level 3. HP: 14/17 MP: 4/8
  1133 | D:2      | Reached XP level 4. HP: 21/21 MP: 4/10
  1233 | D:2      | Learned a level 3 spell: Stone Arrow
  1249 | D:2      | Noticed Jessica
  1254 | D:2      | Killed Jessica
  1254 | D:2      | Reached skill level 1 in Short Blades
  1357 | D:2      | Found a runed translucent door.
  1358 | D:2      | Noticed Crazy Yiuf
  1377 | D:2      | Killed Crazy Yiuf
  1507 | D:3      | Learned a level 4 spell: Petrify
  1519 | D:3      | Reached skill level 1 in Fighting
  1519 | D:3      | Reached XP level 5. HP: 25/25 MP: 8/12
  1520 | D:3      | Found a runed translucent door.
  1649 | D:3      | Noticed Peloso's ghost (amateur MiFi)
  1935 | D:3      | Found a hazy altar of Hepliaklqana.
  2302 | D:4      | Found Xotehuan's General Store.
  2304 | D:4      | Reached XP level 6. HP: 29/30 MP: 8/14
  2319 | D:4      | Reached skill level 5 in Stealth
  2319 | D:4      | Reached skill level 1 in Evocations
  2333 | D:4      | Bought a scroll of fear for 45 gold pieces
  2333 | D:4      | Bought a ration for 65 gold pieces
  2372 | D:4      | Reached skill level 4 in Dodging
  2372 | D:4      | Reached skill level 5 in Spellcasting
  2486 | D:4      | Reached skill level 1 in Conjurations
  2774 | D:5      | Entered Level 5 of the Dungeon
  2813 | D:5      | Reached XP level 7. HP: 32/33 MP: 8/15
  2832 | D:5      | Found a staircase to the Ecumenical Temple.
  2929 | Temple   | Entered the Ecumenical Temple
  3099 | D:5      | Reached skill level 5 in Dodging
  3110 | D:5      | Found a sand-covered staircase.
  3323 | Ossuary  | Entered an ossuary
  3600 | Ossuary  | Learned a level 5 spell: Lee's Rapid Deconstruction
  3747 | D:5      | Noticed Ijyb
  3747 | D:5      | Noticed a two-headed ogre
  3756 | D:5      | Killed a two-headed ogre
  3756 | D:5      | Reached skill level 6 in Dodging
  3756 | D:5      | Reached XP level 8. HP: 39/39 MP: 12/16
  3847 | D:5      | Killed Ijyb
  4060 | D:6      | Found a bloodstained altar of Trog.
  4282 | D:6      | Reached XP level 9. HP: 42/42 MP: 0/17
  4713 | D:7      | Noticed Dowan
  4822 | D:7      | Noticed Menkaure
  4827 | D:7      | Killed Menkaure
  4839 | D:7      | Reached skill level 7 in Dodging
  4839 | D:7      | Reached skill level 5 in Transmutations
  5720 | D:7      | Noticed Duvessa
  5732 | D:7      | Killed Duvessa
  5736 | D:7      | Killed Dowan
  5736 | D:7      | Reached XP level 10. HP: 35/46 MP: 1/20
  5850 | D:8      | Learned a level 3 spell: Mephitic Cloud
  5853 | D:8      | Found Zieclole's Antique Armour Boutique.
  5853 | D:8      | Found a white marble altar of Elyvilon.
  5972 | D:8      | Found Calaiko's General Store.
  5992 | D:8      | Found Fuimm's Gadget Emporium.
  6002 | D:8      | Bought a scroll of magic mapping for 42 gold pieces
  6005 | D:8      | Found Woroel's Food Shoppe.
  6063 | D:8      | Found a sacrificial altar of Ru.
  6109 | D:8      | Reached skill level 8 in Dodging
  6246 | D:8      | Noticed an unseen horror
  6247 | D:8      | Reached skill level 1 in Air Magic
  6247 | D:8      | Noticed a two-headed ogre
  6256 | D:8      | Killed an unseen horror
  6317 | D:8      | Killed a two-headed ogre
  6317 | D:8      | Reached skill level 5 in Evocations
  6395 | D:8      | Became a worshipper of Elyvilon the Healer
  6454 | D:8      | Found Kiloem's Gadget Shoppe.
  6572 | D:8      | Reached skill level 5 in Short Blades
  6919 | D:8      | Reached XP level 11. HP: 46/52 MP: 5/23
  6938 | D:8      | Noticed a two-headed ogre
  7123 | D:8      | Noticed a two-headed ogre
  7139 | D:8      | Killed a two-headed ogre
  7237 | D:8      | Killed a two-headed ogre
  7237 | D:8      | Reached skill level 9 in Dodging
  7237 | D:8      | Reached skill level 10 in Stealth
  7379 | D:8      | Bought a wand of enslavement (9) for 121 gold pieces
  7379 | D:8      | Bought a wand of paralysis (11) for 143 gold pieces
  7426 | D:9      | Found Gejebrol's Weapon Boutique.
  7479 | D:9      | Reached * piety under Elyvilon
  7676 | D:9      | Found a sparkling altar of Nemelex Xobeh.
  7676 | D:9      | Found an opulent altar of Gozag.
  7677 | D:9      | Found a basalt altar of Yredelemnul.
  7982 | D:9      | Reached ** piety under Elyvilon
  8046 | D:10     | Entered Level 10 of the Dungeon
  8135 | D:10     | Found a corrupted altar of Lugonu.
  8249 | D:10     | Noticed Erica
  8313 | D:10     | Killed Erica
  8313 | D:10     | Reached skill level 5 in Conjurations
  8470 | D:10     | Found Turch's Assorted Antiques.
  8473 | D:10     | Bought an inky potion for 32 gold pieces
  8925 | D:11     | Reached *** piety under Elyvilon
  8985 | D:11     | Found a flagged portal.
  8995 | Bailey   | Entered a bailey
  9074 | Bailey   | Noticed a deep elf mage
  9082 | Bailey   | Killed a deep elf mage
  9082 | Bailey   | Reached skill level 1 in Invocations
  9090 | Bailey   | Noticed a deep elf mage
  9091 | Bailey   | Noticed a deep elf mage
  9091 | Bailey   | Noticed a deep elf mage
  9092 | Bailey   | Noticed a deep elf mage
  9093 | Bailey   | Killed a deep elf mage
  9093 | Bailey   | Reached XP level 12. HP: 58/58 MP: 22/25
  9105 | Bailey   | Reached skill level 10 in Dodging
  9620 | D:11     | Found a frozen archway.
  9787 | D:11     | Noticed a four-headed hydra
  9851 | D:11     | Reached skill level 10 in Spellcasting
  9961 | D:11     | Killed a four-headed hydra
  9970 | D:11     | Reached skill level 11 in Dodging
 10073 | D:11     | Got a bloodstained war axe
 10082 | D:11     | Found a staircase to the Lair.
 10088 | Lair:1   | Entered Level 1 of the Lair of Beasts
 10088 | Lair:1   | Found a gate leading to a gauntlet.
 10116 | Gauntlet | Entered a Gauntlet
 10116 | Gauntlet | Found a transporter.
 10116 | Gauntlet | Found a transporter.
 10116 | Gauntlet | Noticed a death scarab
 10118 | Gauntlet | Found a transporter.
 10122 | Gauntlet | Reached **** piety under Elyvilon
 10130 | Gauntlet | Found a transporter.
 10131 | Gauntlet | Found a transporter.
 10133 | Gauntlet | Found a large runed translucent door.
 10134 | Gauntlet | Found a large runed translucent door.
 10135 | Gauntlet | Found a large runed translucent door.
 10135 | Gauntlet | Found a large runed translucent door.
 10135 | Gauntlet | Found a large runed translucent door.
 10136 | Gauntlet | Found a runed translucent door.
 10137 | Gauntlet | Found a transporter.
 10139 | Gauntlet | Found a runed translucent door.
 10140 | Gauntlet | Found a large runed translucent door.
 10140 | Gauntlet | Found a large runed translucent door.
 10140 | Gauntlet | Found a large runed translucent door.
 10141 | Gauntlet | Found a large runed translucent door.
 10141 | Gauntlet | Found a large runed translucent door.
 10141 | Gauntlet | Found a large runed translucent door.
 10142 | Gauntlet | Found a large runed translucent door.
 10142 | Gauntlet | Found a large runed translucent door.
 10142 | Gauntlet | Found a large runed translucent door.
 10143 | Gauntlet | Found a large runed translucent door.
 10143 | Gauntlet | Found a large runed translucent door.
 10146 | Gauntlet | Found a runed translucent gate.
 10146 | Gauntlet | Found a runed translucent gate.
 10146 | Gauntlet | Found a runed translucent gate.
 10161 | Gauntlet | Found a transporter.
 10161 | Gauntlet | Found a transporter.
 10161 | Gauntlet | Noticed a hell beast
 10162 | Gauntlet | Found a transporter.
 10165 | Gauntlet | Noticed a death yak
 10166 | Gauntlet | Noticed a death yak
 10168 | Gauntlet | Noticed a death yak
 10171 | Gauntlet | Noticed a death yak
 10239 | Gauntlet | Found a transporter.
 10262 | Gauntlet | Found a transporter.
 10283 | Gauntlet | Found a transporter.
 10520 | Gauntlet | Noticed a minotaur
 10532 | Gauntlet | Killed a minotaur
 10564 | Lair:1   | Identified the +6 war axe of Untimely Demise {venom, rPois
                  | rF- Dex+4} (You found it on level 11 of the Dungeon)
 10583 | Lair:1   | Reached skill level 5 in Invocations
 10673 | Lair:1   | Reached XP level 13. HP: 61/61 MP: 28/28
 10835 | Lair:1   | Reached skill level 12 in Dodging
 10940 | Lair:1   | Reached ***** piety under Elyvilon
 11316 | Lair:2   | Found a staircase to the Shoals.
 11830 | Lair:3   | Found a dark tunnel.
 11882 | Volcano  | Entered a volcano
 12061 | Volcano  | Found a radiant altar of Vehumet.
 12531 | Lair:3   | Found a staircase to the Snake Pit.
 13171 | Lair:5   | Reached skill level 1 in Throwing
 13454 | Lair:5   | Reached skill level 5 in Fighting
 13705 | Lair:6   | Entered Level 6 of the Lair of Beasts
 13778 | Lair:6   | Reached skill level 15 in Stealth
 13806 | Lair:6   | Found a staircase to the Slime Pits.
 13806 | Lair:6   | Found a viscous altar of Jiyva.
 14245 | Lair:6   | Learned a level 2 spell: Blink
 14345 | Lair:6   | Reached skill level 13 in Dodging
 14368 | Lair:6   | Reached XP level 14. HP: 68/68 MP: 18/29
 14627 | Lair:6   | Reached skill level 1 in Translocations
 15403 | Snake:1  | Entered Level 1 of the Snake Pit
 15403 | Snake:1  | Noticed Aizul
 15412 | Lair:3   | Killed Aizul
 15459 | Snake:2  | Found Gizaysou's Weapon Emporium.
 15879 | Snake:2  | Noticed a nagaraja
 15949 | Snake:2  | Found a runed translucent gate.
 15949 | Snake:2  | Found a runed translucent gate.
 15949 | Snake:2  | Found a runed translucent gate.
 15950 | Snake:2  | Noticed Fidin's ghost (journeyman TrBe)
 15951 | Snake:2  | Noticed littlecub's ghost (journeyman DsGl)
 15951 | Snake:2  | Noticed Xunapor's ghost (journeyman DsGl)
 16637 | Snake:3  | Noticed a nagaraja
 16897 | Snake:3  | Noticed Vashnia
 17058 | Shoals:1 | Entered Level 1 of the Shoals
 17082 | Lair:2   | Upgraded the game from 0.25.0-11-g1f837a76a1 to
                  | 0.25.0-15-gac7dcb8919
 17101 | Shoals:1 | HP: 2/70 [harpy zombie (5)]
 17307 | D:12     | Found a staircase to the Orcish Mines.
 18261 | D:13     | Learned a level 4 spell: Airstrike
 18328 | D:13     | Learned a level 3 spell: Tukima's Dance
 18353 | D:13     | Reached XP level 15. HP: 73/73 MP: 26/30
 18407 | D:13     | Reached skill level 5 in Translocations
 19028 | D:14     | Found a roughly hewn altar of Beogh.
 19196 | D:14     | Reached skill level 1 in Hexes
 19212 | D:14     | Reached skill level 10 in Earth Magic
 19311 | D:14     | Reached ****** piety under Elyvilon
 19519 | D:14     | Reached skill level 14 in Dodging
 19523 | D:14     | Noticed Nessos
 19770 | D:14     | Found an iron altar of Okawaru.
 19796 | D:14     | Killed Nessos
 20244 | D:14     | Reached skill level 5 in Throwing
 20276 | D:14     | Found a gate to the Vaults.
 20288 | D:14     | Learned a level 1 spell: Apportation
 20330 | D:15     | Entered Level 15 of the Dungeon
 20546 | D:15     | Found Oharewom's Food Shoppe.
 20549 | D:15     | Bought a ration for 55 gold pieces
 20549 | D:15     | Bought a ration for 55 gold pieces
 20924 | D:15     | Found a basalt altar of Yredelemnul.
 21029 | D:15     | Noticed a fire giant
 21437 | D:15     | Reached skill level 15 in Dodging
 21516 | D:15     | Found a staircase to the Depths.
 21919 | D:15     | Killed a fire giant
 21919 | D:15     | Reached skill level 5 in Air Magic
 22093 | Orc:1    | Entered Level 1 of the Orcish Mines
 22100 | Orc:1    | Found a roughly hewn altar of Beogh.
 22229 | Orc:1    | Noticed Erolcha
 22230 | Orc:1    | Killed Erolcha
 22323 | Orc:2    | Entered Level 2 of the Orcish Mines
 22323 | Orc:2    | Noticed Snorg
 22390 | Orc:2    | Found a runed translucent door.
 22391 | Orc:2    | Found a shimmering altar of Xom.
 22391 | Orc:2    | Noticed thethe's ghost (journeyman OgWz)
 22402 | Orc:2    | Found a staircase to the Elven Halls.
 22444 | Orc:1    | Noticed an orc warlord
 22723 | Orc:2    | Reached skill level 5 in Hexes
 22942 | Orc:2    | Noticed Donald
 23014 | Orc:2    | Reached XP level 16. HP: 77/77 MP: 33/33
 23185 | Orc:2    | Found Litz's Antique Weapon Shoppe.
 23185 | Orc:2    | Found Cyecsiesch's Armour Boutique.
 23187 | Orc:2    | Found Iteov's Gadget Shop.
 23189 | Orc:2    | Found Onwou's Antique Armour Emporium.
 23200 | Orc:2    | Bought a wand of digging (4) for 208 gold pieces
 23232 | Orc:2    | Killed Donald
 23409 | Orc:2    | Killed Snorg
 23437 | Orc:2    | Bought an embroidered cloak for 232 gold pieces
 23437 | Orc:2    | Bought an embroidered robe for 114 gold pieces
 23474 | Orc:2    | Bought a wand of iceblast (7) for 143 gold pieces
 23474 | Orc:2    | Bought a wand of enslavement (11) for 169 gold pieces
 23870 | Orc:2    | Reached skill level 10 in Translocations
 24643 | Snake:3  | Reached skill level 16 in Dodging
 24778 | Snake:3  | Elyvilon protects you from harm!
 24897 | Snake:3  | Learned a level 3 spell: Confusing Touch
 25442 | Snake:3  | Killed Vashnia
 25647 | Snake:4  | Entered Level 4 of the Snake Pit
 25665 | Snake:4  | Found Mioqiece's General Store.
 25680 | Snake:4  | Bought 2 scrolls of blinking for 195 gold pieces
 26067 | Snake:4  | Reached skill level 17 in Dodging
 26231 | Snake:4  | Found the amulet of Vitality {Regen+ HP+15}
 27707 | Snake:4  | Reached XP level 17. HP: 66/81 MP: 4/34
 27855 | Snake:4  | Reached skill level 18 in Dodging
 27875 | Snake:4  | Got a serpentine rune of Zot
 27994 | Lair:3   | Learned a level 6 spell: Invisibility
 28124 | Vaults:1 | Entered Level 1 of the Vaults
 28124 | Vaults:1 | Found Etteh's Antique Armour Shop.
 28554 | Vaults:1 | Reached skill level 10 in Invocations
 28806 | Vaults:1 | Reached skill level 10 in Hexes
 28911 | Vaults:2 | Noticed Bai Suzhen
 28932 | Vaults:2 | Killed Bai Suzhen
 30360 | Vaults:2 | Noticed Boris
 31010 | Vaults:2 | Found Buig's Antique Armour Shop.
 31039 | Vaults:2 | Bought the +3 warlock's mirror {reflect} for 1320 gold
                  | pieces
 31039 | Vaults:2 | Found the +3 warlock's mirror {reflect}
 31494 | Vaults:2 | Reached XP level 18. HP: 87/87 MP: 28/36
 31721 | Vaults:2 | Reached skill level 1 in Shields
 32458 | Vaults:3 | Found a staircase to the Crypt.
 32806 | Vaults:2 | Noticed Asterion
 32845 | Vaults:2 | Killed Asterion
 33435 | Vaults:3 | Found Tenkaj's Weapon Shop.
 33490 | Vaults:3 | Identified a scroll of acquirement
 33643 | Vaults:4 | Noticed Margery
 35073 | Vaults:4 | Reached XP level 19. HP: 73/92 MP: 2/38
 35720 | Vaults:4 | Found a portal to a secret trove of treasure.
 35739 | Vaults:4 | You paid a toll of 5 scrolls of fear to enter a treasure
                  | trove
 35740 | Trove    | Entered a treasure trove
 35747 | Trove    | Got a smoking lapis lazuli ring
 35751 | Trove    | Got a fine wooden ring
 35754 | Trove    | Got a heavily runed bone amulet
 35756 | Trove    | Got a shimmering jade amulet
 35758 | Trove    | Got a shimmering silver ring
 35763 | Trove    | Got a translucent graven amulet
 35765 | Trove    | Got a translucent bone ring
 35769 | Trove    | Got a glittering brass ring
 35772 | Trove    | Got a twitching iron ring
 35777 | Trove    | Got a bound tin ring
 35780 | Trove    | Identified the amulet "Suhar" {Acrobat rElec Dex+3} (You
                  | found it in a treasure trove)
 35781 | Trove    | Identified the amulet "Wyiruris" {Faith rC+ Dex-4 Slay+4}
                  | (You found it in a treasure trove)
 35782 | Trove    | Identified the amulet of Zisaimp {Spirit +Fly Int+2} (You
                  | found it in a treasure trove)
 35784 | Trove    | Identified the ring "Xeymneja" {*Drain rC+ Str+2 Dex+3
                  | Stlth+} (You found it in a treasure trove)
 35786 | Trove    | Identified the ring "Ockoej" {+Fly Str-3 Int+5} (You found
                  | it in a treasure trove)
 35788 | Trove    | Identified the ring "Aleg" {EV+4 Stlth+} (You found it in a
                  | treasure trove)
 35790 | Trove    | Identified the ring of Ydaihud {+Blink MR+ Dex+4 Slay-2
                  | SInv} (You found it in a treasure trove)
 35792 | Trove    | Identified the ring of Xom's Capriciousness {*Tele rElec
                  | Str+2 Dex-4} (You found it in a treasure trove)
 35801 | Trove    | Identified the ring "Melej" {+Blink rPois rC+++ MR- Slay+4}
                  | (You found it in a treasure trove)
 35803 | Trove    | Identified the ring of Diry {MR+ MP+9 Slay+4} (You found it
                  | in a treasure trove)
 35891 | Vaults:4 | Reached skill level 10 in Short Blades
 35920 | Vaults:4 | Killed Margery
 36961 | Elf:1    | Entered Level 1 of the Elven Halls
 37585 | Elf:1    | Found a runed translucent door.
 37882 | Elf:1    | Found a shimmering blue altar of Sif Muna.
 38268 | Elf:2    | Learned a level 6 spell: Dispersal
 38411 | Elf:2    | Reached skill level 5 in Shields
 38472 | Elf:3    | Entered Level 3 of the Elven Halls
 38539 | Elf:3    | Reached skill level 19 in Dodging
 38742 | Elf:3    | Reached XP level 20. HP: 100/100 MP: 39/39
 38802 | Elf:3    | Found Esoupam's One-of-a-Kind Books.
 39478 | Elf:3    | Identified the ring "Zetryefu" {rElec Int+4 Stlth+}
 39867 | Elf:3    | Identified the +0 robe of Tepn {Str+3 Int-4 Dex+6}
 39955 | Elf:3    | Identified the ring of Wirauguo {rElec Str+2 SInv}
 40220 | Elf:3    | Reached skill level 20 in Dodging
 40340 | Elf:3    | Identified the Papyrus of Aid and Transmigration
 40369 | Elf:3    | Identified the +7 hand crossbow "Amauvac" {elec, Int+6}
                  | (You found it on level 3 of the Elven Halls)
 40627 | Elf:2    | Found a runed translucent door.
 40628 | Elf:2    | Noticed Qasusorch's ghost (veteran DDBe)
 40719 | Elf:2    | Found a huge runed translucent gate.
 40719 | Elf:2    | Found a huge runed translucent gate.
 40719 | Elf:2    | Found a huge runed translucent gate.
 40719 | Elf:2    | Found a huge runed translucent gate.
 40719 | Elf:2    | Found a huge runed translucent gate.
 40790 | Elf:2    | Reached skill level 10 in Fighting
 41397 | D:12     | Upgraded the game from 0.25.0-15-gac7dcb8919 to
                  | 0.25.0-17-g773c8c6189
 41460 | Depths:1 | Entered Level 1 of the Depths
 41813 | Depths:1 | Found a one-way gate to the infinite horrors of the Abyss.
 41828 | Depths:1 | Found Peral's Antique Weapon Boutique.
 41887 | Depths:1 | Reached skill level 21 in Dodging
 41982 | Depths:1 | Found Zamel's Weapon Boutique.
 41989 | Depths:1 | Bought the +8 dagger "Zaecwi" {vorpal, *Slow +Blink MR+++
                  | Int-5} for 937 gold pieces
 42143 | Depths:1 | Found Yshocs's Changing Room.
 42154 | Depths:1 | Bought a potion of mutation for 112 gold pieces
 42154 | Depths:1 | Bought a potion of mutation for 112 gold pieces
 42503 | Depths:2 | You fall into a shaft and drop 2 floors!
 42602 | Depths:4 | Reached XP level 21. HP: 107/107 MP: 40/40
 42729 | Depths:3 | Found a gateway to Hell.
 42836 | Depths:2 | Reached skill level 22 in Dodging
 42874 | Depths:2 | Found a flickering gateway to a bazaar.
 42894 | Bazaar   | Entered a bazaar
 42906 | Bazaar   | Found Qeputhit's Weapon Emporium.
 42906 | Bazaar   | Found Cantal's Antique Weapon Emporium.
 42940 | Bazaar   | Found Evusel's Gadget Shoppe.
 42940 | Bazaar   | Found Boesu's Distillery.
 42958 | Bazaar   | Bought a potion of heal wounds for 55 gold pieces
 42958 | Bazaar   | Bought 2 potions of might for 88 gold pieces
 42958 | Bazaar   | Bought a potion of resistance for 110 gold pieces
 42958 | Bazaar   | Bought a potion of ambrosia for 88 gold pieces
 42958 | Bazaar   | Bought a potion of curing for 33 gold pieces
 42958 | Bazaar   | Bought 2 potions of ambrosia for 176 gold pieces
 42958 | Bazaar   | Bought a potion of might for 44 gold pieces
 42958 | Bazaar   | Bought a potion of ambrosia for 88 gold pieces
 42970 | Bazaar   | Bought a box of beasts for 260 gold pieces
 42970 | Bazaar   | Bought a box of beasts for 260 gold pieces
 42970 | Bazaar   | Bought a phantom mirror for 390 gold pieces
 42970 | Bazaar   | Bought a phantom mirror for 390 gold pieces
 43005 | Depths:2 | Found a gateway to a ziggurat.
 43325 | Depths:2 | Mangled by a brown very ugly thing

Illustrated notes

Levels and vault maps discovered:
D:1:      psy_arrival_whirlpool, layout_basic
D:2:      layout_basic, uniq_crazy_yiuf_cottage, uniq_jessica
D:3:      layout_loops_ring, lemuel_coloured_pillars_altar,
          ebering_ghost_inner_flame
D:4:      layout_gridville, serial_shops, shop
D:5:      layout_gridville, temple_pool_b, first_ration,
          nicolae_ossuary_entry_plus, uniq_ijyb
D:6:      layout_rooms, old_standard_altar, grunt_decor_fettered
D:7:      layout_loops_corners, the_bakery, uniq_menkaure, uniq_duvessa
D:8:      minmay_the_grid_octo_tiled_octocenter [minmay_the_grid_octo_focus,
          minmay_the_grid_octo_pinwheel, minmay_the_grid_octo_checkerflower,
          minmay_the_grid_octo_fan_narrow,
          minmay_the_grid_octo_prize_ultimate_mussel_roller,
          minmay_the_grid_square_5x5_sharp_hourglass,
          minmay_the_grid_square_5x5_dogpile,
          minmay_the_grid_square_5x5_three_walls,
          minmay_the_grid_square_5x5_inner_v], layout_rooms,
          lemuel_crystal_altar, nicolae_ru_the_path_less_chosen, serial_shops,
          shop, kennysheep_little_box, nicolae_shop_window_shopping, shop,
          nicolae_shop_behind_doors, serial_aquarium,
          aquarium_bridge_long_separate [aquarium_subvault_balcony,
          aquarium_subvault_bridge, aquarium_subvault_wall,
          aquarium_subvault_bridge, aquarium_subvault_bridge,
          aquarium_subvault_bridge], aquarium_bridge_square
          [aquarium_subvault_balcony, aquarium_subvault_wall,
          aquarium_subvault_bridge, aquarium_subvault_bridge],
          aquarium_window_fake, aquarium_window_corner, aquarium_view_2b,
          aquarium_view_2d, nicolae_water_bricks
D:9:      layout_irregular_city, gammafunk_temple_overflow_claw, serial_shops,
          nicolae_shop_trees, solitary_fountain
D:10:     kennysheep_kobold_lugonu_temple, layout_cave_pools, serial_shops,
          kennysheep_mini_moat, uniq_erica
D:11:     layout_loops_ring, lair_entry_dummy, enter_bailey_8,
          portal_ice_cave_demonic_guard, minmay_between
D:12:     layout_rooms, orc_0_dummy
D:13:     layout_loops_cross, special_room [special_room_bee], nrook_mini_vaults
D:14:     layout_loops_ring, ximxim_vaults_locker_room, basic_altar,
          serial_rivers, chequers_serial_rivers_micro_c,
          chequers_serial_rivers_room_a, chequers_serial_rivers_micro_d,
          chequers_serial_rivers_small_b, chequers_serial_rivers_micro_c,
          special_room [special_room_orc], st_stairs_14,
          hangedman_decor_diamond_cutter, minmay_bent, uniq_nessos
D:15:     grunt_enter_depths_giant_problem, layout_basic, serial_shops,
          nicolae_shop_window_shopping, minmay_misc_feat_nine_boxes,
          lemuel_mausoleum_altar_yredelemnul
Temple:   regret_index_temple_generic_petals
Lair:1:   layout_layer_cave, gauntlet_entry_generic, guppyfry_lair_drakes,
          infiniplex_staircase_pool, serial_bayou_shore_b, serial_bayou_shore_b,
          grunt_megastairs_4
Lair:2:   layout_long_grid, minmay_shoals_entry_lonely_mermaid
Lair:3:   layout_roguey, minmay_snake_entry_guardpost_medium,
          nicolae_volcano_entry_batcave, minmay_hedge_maze, grunt_megastairs_2
Lair:4:   layout_small_grid
Lair:5:   layout_cave_pods, serial_bayou, serial_bayou_pond_d,
          serial_bayou_lake_a, serial_bayou_pond_c, serial_bayou_pond_d,
          serial_bayou_lagoon_b, serial_bayou_lagoon_a,
          infiniplex_staircase_pool_2
Lair:6:   due_jungle_book, layout_long_grid, slime_altar_1,
          minmay_lair_drake_nest
Shoals:1: layout_shoals, nicolae_shoals_undead_eyrie
Snake:1:  layout_grid_maze, serial_bayou_pond_d, nrook_guardian_serpent_double,
          uniq_aizul, uniq_rupert
Snake:2:  layout_cave_pods, serial_shops,
          nicolae_shop_temple_entry_statues_fountains, gammafunk_ghost_cemetery
Snake:3:  layout_misc_corridors, st_stairs_7, uniq_vashnia
Snake:4:  minmay_snake_end_coiled, layout_cave_town, serial_shops, shop,
          drop_trap, nicolae_snake_double_loop
Orc:1:    layout_diamond_mine, basic_altar, statue_in_the_mist_lemuel,
          uniq_erolcha
Orc:2:    st_orc_rangers, layout_caves, ebering_ghost_xom, uniq_donald,
          uniq_snorg
Elf:1:    eino_elf_arrival_sip, layout_loops_corners, basic_altar,
          hangedman_elf_represent, minivault_13
Elf:2:    layout_geoelf_octagon, gammafunk_ghost_grave
Elf:3:    minmay_elf_hall_spiked, layout_loops_corners, amethyst_killhole,
          nicolae_rare_books, dk_noncrumbling_3, grunt_megastairs_1
Vaults:1: v_pattern_4, vaults_mumra_minichess,
          nicolae_vaults_stairing_the_circle, v_alt_pattern_2,
          ontoclasm_vaults_loading_screen, vaults_room_fours,
          vaults_room_guarded_vault, layout_vaults_quadrants, serial_shops,
          nicolae_shop_statue_plus
Vaults:2: ontoclasm_vaults_chip, v_misc_14, nicolae_vaults_twisting_passages,
          v_misc_13, v_misc_10, v_rooms_2, hangedman_vaults_river_flow,
          nicolae_vaults_angled_halls, vaults_room_octagon, v_alt_pattern_5,
          vaults_room_stairs_pillars, layout_vaults_big_cross, serial_shops,
          shop, uniq_bai_suzhen, uniq_boris, uniq_asterion
Vaults:3: v_misc_12, minmay_crypt_entry_simple_statues,
          nicolae_vaults_diagonal_hallway_8, vaults_room_pool, v_misc_17,
          vaults_mumra_hexcomb, vaults_room_fours, v_rooms_3,
          vaults_room_stairs_pillars, dpeg_vaults_monster_box, v_misc_18,
          layout_vaults_omnibox, serial_shops, shop, uniq_frederick
Vaults:4: st_cells, nicolae_vaults_little_squares_6, v_misc_11,
          nicolae_vaults_border_crossing, vaults_room_large_hall, v_pattern_2,
          vaults_standard_mumra_x, v_misc_13, layout_vaults_big_room,
          enter_trove_6, uniq_margery
Depths:1: layout_small_grid, minmay_stone_trees_small, abyss_entry, hellmouth_1,
          kennysheep_crisscross, nicolae_transmutations_shop,
          minmay_three_doors, serial_bayou_shore_b, minmay_shop_star
Depths:2: nooodl_heptagram, layout_basic, enter_ziggurat_e,
          hangedman_coc_ice_floe, minmay_misc_feat_chi, serial_shops,
          bzr_firewalk, st_stairs_2
Depths:3: kennysheep_snake, layout_basic, rand_demon_pan_entry_9,
          abyss_entry_glasseish, chequers_serial_rivers_small_a, hell_entry,
          infiniplex_staircase_zigzag_4, minmay_shop_grove,
          serial_bayou_shore_a, serial_bayou_shore_b
Depths:4: minmay_guarded_unrand_guard, layout_cave_pools, abyss_entry_crystal,
          grunt_metal_band

Skill      XL: |  1  2  3  4  5  6  7  8  9 10 11 12 13 14 15 16 17 18 19 20 21 |
---------------+----------------------------------------------------------------+-----
Spellcasting   | 3 4 5 6 7 8 10 12 13 14 | 14.0
Earth Magic    | 3 6 7 9 10 11 12 | 12.0
Transmutations | 2 4 5 7 8 |  8.0
Stealth        | 4 6 8 9 12 15 18 19 20 21 | 21.0
Short Blades   | 1 2 4 5 6 7 8 9 10 | 10.2
Fighting       | 1 2 3 4 5 6 7 8 10 | 10.0
Evocations     | 1 3 4 5 6 8 |  8.0
Dodging        | 4 6 7 8 9 11 13 15 17 18 19 21 22 | 22.6
Conjurations   | 1 3 4 5 6 |  6.0
Air Magic      | 2 3 5 6 |  6.0
Invocations    | 1 5 6 9 10 11 12 | 12.0
Throwing       | 2 4 5 |  5.0
Translocations | 4 8 10 11 12 | 12.0
Hexes          | 5 8 10 | 10.0
Shields        | 2 5 8 |  8.0

Action                   |  1- 3 |  4- 6 |  7- 9 | 10-12 | 13-15 | 16-18 | 19-21 || total
-------------------------+-------+-------+-------+-------+-------+-------+-------++-------
Melee: Short sword       |    16 |    75 |   208 |   445 |   794 |   658 |   406 ||  2602
       Unarmed           |     1 |       |       |       |       |       |       ||     1
 Fire: Hunting sling     |       |       |    37 |    14 |       |       |       ||    51
Throw: Boomerang         |       |       |     5 |     1 |    70 |   295 |    28 ||   399
       Dart              |       |       |       |    10 |    21 |       |       ||    31
       Throwing net      |       |       |       |       |       |     2 |       ||     2
 Cast: Sandblast         |    34 |    50 |    71 |    66 |   208 |   188 |     3 ||   620
       Stone Arrow       |       |     1 |    20 |    25 |    34 |     7 |     1 ||    88
       Petrify           |       |       |    15 |    64 |   164 |   183 |    78 ||   504
       Passwall          |       |       |     5 |    13 |   128 |    61 |   103 ||   310
       Lee's Rapid Decon |       |       |     2 |    16 |    60 |   152 |   229 ||   459
       Mephitic Cloud    |       |       |       |    24 |    58 |    85 |    56 ||   223
       Blink             |       |       |       |       |     6 |     4 |     4 ||    14
       Tukima's Dance    |       |       |       |       |     8 |     5 |     3 ||    16
       Apportation       |       |       |       |       |    28 |    51 |    46 ||   125
       Airstrike         |       |       |       |       |       |    16 |    46 ||    62
       Invisibility      |       |       |       |       |       |     9 |     5 ||    14
       Confusing Touch   |       |       |       |       |       |       |    10 ||    10
Invok: Lesser Healing    |       |       |       |     1 |    33 |    67 |     7 ||   108
       Heal Other        |       |       |       |       |    45 |    12 |    20 ||    77
       Purification      |       |       |       |       |     1 |     1 |       ||     2
       Greater Healing   |       |       |       |       |       |     1 |     3 ||     4
Evoke: Wand              |       |       |     6 |    19 |    31 |    92 |     2 ||   150
       Lightning rod     |       |       |       |       |     6 |     7 |       ||    13
       Tin of tremorston |       |       |       |       |     2 |     1 |     5 ||     8
       Phantom mirror    |       |       |       |       |       |     1 |       ||     1
       Box of beasts     |       |       |       |       |       |       |     2 ||     2
  Use: Scroll            |     3 |    10 |     6 |    14 |    12 |     7 |    16 ||    68
       Potion            |     3 |       |     3 |     1 |     1 |    11 |       ||    19
 Stab: Sleeping          |     8 |     9 |    21 |    22 |    71 |    57 |    45 ||   233
       Confused          |       |       |     1 |    18 |    49 |    52 |    48 ||   168
       Distracted        |       |       |     1 |       |     3 |     1 |     1 ||     6
       Petrified         |       |       |     8 |    59 |   106 |    96 |    29 ||   298
       Petrifying        |       |       |     1 |    10 |    29 |    39 |    15 ||    94
       Paralysed         |       |       |       |    10 |     2 |     8 |       ||    20
       Held in net/web   |       |       |       |       |       |     3 |       ||     3
       Invisible         |       |       |       |       |       |    14 |    18 ||    32
  Eat: Ration            |       |       |     2 |     9 |    21 |    18 |    14 ||    64
Armor: Robe              |     1 |    13 |    13 |    26 |    28 |    22 |     9 ||   112
Dodge: Dodged            |    15 |    73 |   180 |   293 |   627 |   547 |   205 ||  1940
Block: Other             |       |       |       |       |    28 |    82 |       ||   110
       Reflection        |       |       |       |       |     7 |    35 |    16 ||    58
       Buckler           |       |       |       |       |       |    52 |   103 ||   155
